Map: Catalyst LE

Players

Lambo - Winner!

  • Race: Zerg Zerg
  • League: Master
  • Spawn Location: 11:00

RiSky

  • Race: Zerg Zerg
  • League: Master
  • Spawn Location: 5:00

Event: HomeStory Cup XVII

VOD

Have the link to the VOD?

Description

Time

  • Played on: June 28, 2018, 1:25 p.m.
  • Length: 7:23

All games in this series

Show
View Real Time Build Order
Export as new Build Order

Lambo Zerg - Winner!

Build Orders: Hatch First 

Get SALT Encoding   

  12  0:00  Drone  
  13  0:13  Overlord  
  13  0:17  Drone  
  14  0:31  Drone x2  
  16  0:49  Hatchery  
  15  0:52  Drone  
  15  0:56  Drone  
  17  0:59  Drone  
  18  1:11  Extractor  
  17  1:14  Spawning Pool  
  16  1:18  Drone  
  16  1:21  Drone  
  18  1:29  Drone  
  19  1:39  Drone  
  20  1:51  Overlord  
  20  2:01  Queen x2  
  20  2:02  Zergling x4  
  26  2:11  Drone  
  26  2:13  Drone  
  30  2:22  Drone x2  
  30  2:37  Hatchery  
  30  2:40  Drone  
  30  2:45  Drone x2  
  30  2:49  Overlord  
  32  2:56  Drone x2  
  33  3:05  Evolution Chamber  
  32  3:06  Drone x2  
  32  3:09  Drone  
  32  3:10  Drone  
  32  3:11  Drone  
  37  3:13  Drone  
  37  3:15  Drone  
  37  3:18  Zergling x2  
  37  3:19  Drone  
  40  3:22  Overlord  
  40  3:25  Queen  
  42  3:30  Drone, Extractor  
  42  3:31  Drone  
  43  3:40  Drone  
  44  3:42  Drone  
  44  3:43  Roach Warren  
  44  3:45  Zerg Missile Weapons Level 1  
  44  3:47  Drone x2  
  46  3:49  Extractor  
  46  3:50  Drone x2  
  46  3:52  Drone  
  48  3:57  Lair  
  48  4:01  Drone x2  
  50  4:09  Overlord, Drone  
  51  4:11  Drone x3  
  51  4:14  Drone  
  54  4:20  Drone  
  54  4:21  Drone x2  
  54  4:22  Overlord  
  54  4:24  Drone  
  58  4:26  Overlord  
  58  4:32  Overlord, Extractor  
  58  4:34  Drone  
  58  4:35  Roach  
  60  4:39  Roach x2  
  60  4:45  Overlord  
  64  4:46  Roach x2  
  64  4:51  Roach x3  
  74  4:54  Overseer  
  74  4:57  Glial Reconstitution  
  74  4:59  Roach x2  
  80  5:00  Roach  
  80  5:02  Roach  
  80  5:06  Overlord  
  80  5:07  Roach  
  84  5:09  Roach  
  84  5:10  Roach  
  88  5:15  Roach x2  
  88  5:18  Roach x2  
  96  5:22  Roach  
  96  5:24  Overlord x2  
  96  5:27  Roach  
  100  5:31  Roach x2  
  104  5:37  Overlord  
  104  5:38  Overlord  
  107  5:42  Roach  
  107  5:43  Roach x2  
  107  5:45  Roach  
  107  5:49  Roach  
  113  5:51  Overlord  
  113  5:54  Overlord  
  113  5:55  Roach  
  115  5:57  Roach  
  115  6:01  Roach x2  
  115  6:03  Ravager x2  
  125  6:04  Roach  
  125  6:07  Roach  
  125  6:09  Roach  
  129  6:12  Roach  
  129  6:16  Overlord  
  129  6:18  Roach x2  
  135  6:22  Roach x2  
  139  6:28  Roach x2  
  139  6:32  Overlord  
  141  6:33  Roach x2  
  141  6:36  Roach  
  141  6:37  Roach  
  149  6:40  Roach  
  149  6:42  Roach  
  153  6:52  Roach  
  153  6:53  Roach x2  
  153  6:57  Roach  
  153  6:58  Roach  
  153  7:01  Roach x2  
Show
View Real Time Build Order
Export as new Build Order

RiSky Zerg 

Build Orders: Hatch First 

Get SALT Encoding   

  12  0:00  Drone  
  13  0:12  Overlord  
  13  0:17  Drone  
  14  0:30  Drone x2  
  16  0:47  Hatchery  
  15  0:51  Drone  
  15  0:55  Drone  
  17  0:58  Drone  
  18  1:08  Extractor  
  17  1:13  Spawning Pool  
  17  1:16  Drone  
  17  1:20  Drone  
  18  1:27  Drone  
  19  1:38  Drone  
  20  1:49  Overlord  
  20  2:00  Queen x2, Drone x2  
  26  2:10  Drone x2  
  28  2:21  Zergling x2  
  28  2:22  Drone  
  30  2:31  Overlord x2  
  30  2:35  Queen  
  32  2:43  Drone x2  
  34  2:47  Evolution Chamber  
  34  2:58  Drone x2  
  34  3:00  Lair  
  34  3:03  Drone  
  36  3:09  Drone x3  
  36  3:10  Drone x2  
  36  3:12  Overlord  
  41  3:17  Zerg Missile Weapons Level 1  
  41  3:22  Roach Warren  
  41  3:25  Drone  
  41  3:29  Drone x2  
  41  3:32  Drone, Extractor x2  
  42  3:35  Drone  
  43  3:41  Drone x2  
  43  3:43  Drone x2  
  43  3:45  Drone  
  48  3:51  Drone  
  48  3:54  Drone  
  50  3:59  Overlord  
  50  4:00  Drone  
  51  4:06  Hatchery  
  51  4:09  Glial Reconstitution  
  50  4:19  Drone  
  50  4:20  Roach x4  
  50  4:23  Roach  
  61  4:24  Extractor  
  61  4:26  Drone x2  
  61  4:30  Roach  
  61  4:31  Roach  
  66  4:34  Roach  
  66  4:37  Overlord  
  68  4:40  Overlord  
  68  4:48  Overlord  
  68  4:53  Overlord  
  68  4:56  Roach x3  
  68  4:57  Roach  
  76  5:03  Roach x2  
  80  5:07  Overlord  
  80  5:14  Roach  
  80  5:19  Roach  
  80  5:20  Roach  
  86  5:26  Roach x2  
  90  5:32  Burrow  
  90  5:34  Overlord  
  90  5:35  Overlord, Drone  
  91  5:41  Drone  
  91  5:42  Tunneling Claws  
  91  5:45  Drone  
  91  5:46  Drone x2  
  91  5:48  Drone  
  96  5:50  Drone  
  96  5:54  Roach x2  
  100  5:59  Roach x2  
  104  6:05  Roach x2  
  104  6:07  Roach  
  110  6:12  Roach x2  
  110  6:18  Roach x2  
  118  6:20  Roach x2  
  122  6:26  Roach x3  
  122  6:29  Roach x2  
  122  6:31  Roach  
  130  6:36  Overlord  
  126  6:48  Roach x2  
  126  6:49  Roach  
  126  6:50  Roach x2  
  126  6:52  Roach x2  
Tags
 
Add a new tag
Caveats
  • Supply blocks, unpowered buildings, or Contaminate may cause inaccurate times.
  • Supply counts are checked every 10 seconds.